 Dungeon Crawl Stone Soup version 0.26.1-11-gd32895ea62 (webtiles) character file.

Game seed: 2824715234526854663

4761 Tirrikindir the Carver (level 10, -10/126 HPs)
             Began as a Minotaur Berserker on June 16, 2021.
             Was a High Priest of Trog.
             Mangled by a brown ugly thing (13 damage)
             ... on level 9 of the Dungeon.
             The game lasted 00:18:25 (10417 turns).

Tirrikindir the Carver (Minotaur Berserker)        Turns: 10417, Time: 00:18:26

Health: -10/126    AC: -3    Str: 24    XL:     10   Next: 23%
Magic:  9/9        EV: 15    Int: 10    God:    Trog [*****.]
Gold:   508        SH:  0    Dex: 11    Spells: 9/9 levels left

rFire    . . .     SeeInvis .   t - +0 scimitar
rCold    + . .     Faith    +   (no shield)
rNeg     . . .     Spirit   .   g - +2 ring mail {rPois}
rPois    +         Reflect  .   (helmet restricted)
rElec    .         Harm     .   (no cloak)
rCorr    .         Rampage  .   v - +0 pair of gloves
Will     .....                  (no boots)
Stlth    ..........             x - amulet of faith (curse)
HPRegen  0.31/turn              A - ring of protection from cold
MPRegen  0.11/turn              n - +6 ring of intelligence

@: berserking (expiring), corroded, very quick
A: retaliatory headbutt, horns 2, icy blue scales 1, sturdy frame 1
a: Renounce Religion, Berserk, Trog's Hand, Brothers in Arms


You were on level 9 of the Dungeon.
You worshipped Trog.
Trog was extremely pleased with you.
You visited 2 branches of the dungeon, and saw 10 of its levels.

You collected 544 gold pieces.
You spent 36 gold pieces at shops.

Inventory:

Hand Weapons
 e - a +0 short sword
 t - a +0 scimitar (weapon)
Missiles
 l - 5 boomerangs (quivered)
Armour
 g - a +2 ring mail of poison resistance (worn)
 i - a +1 ring mail of fire resistance
 v - a +0 pair of gloves (worn)
Jewellery
 k - an uncursed ring of magical power
 n - a +6 ring of intelligence (right hand)
 x - a cursed amulet of faith (around neck)
 A - a ring of protection from cold (left hand)
Wands
 r - a wand of digging (7)
 y - a wand of disintegration (7)
 D - a wand of flame (20)
 F - a wand of paralysis (5)
Scrolls
 b - 3 scrolls of remove curse
 d - 2 scrolls of enchant armour
 f - 2 scrolls of blinking
 h - 3 scrolls of fear
 m - 3 scrolls of teleportation
 u - a scroll of immolation
 B - a scroll of holy word
 C - a scroll of enchant weapon
 E - a scroll of identify
Potions
 a - 2 potions of cancellation
 c - 3 potions of ambrosia
 j - a potion of berserk rage
 o - 3 potions of flight
 p - 5 potions of curing
 q - a potion of might
 s - 3 potions of heal wounds
 w - a potion of mutation
 z - a potion of invisibility


   Skills:
 + Level 6.4 Fighting
 * Level 11.4 Long Blades
 * Level 9.5 Armour
 * Level 7.8 Dodging
 + Level 3.6 Evocations


You had 9 spell levels left.
You didn't know any spells.
Your spell library was empty.

Dungeon Overview and Level Annotations

Branches:
Dungeon (9/15)             Temple (1/1) D:6
   Lair: D:8-11         Orc: D:9-12

Altars:
Ashenzari
Cheibriados
Dithmenos
Elyvilon
Fedhas
Gozag
Hepliaklqana
Kikubaaqudgha
Makhleb
Nemelex Xobeh
Okawaru
Qazlal
Ru
Sif Muna
Trog
Uskayaw
Vehumet
Wu Jian
Xom
Yredelemnul
Zin
The Shining One

Shops:
D:7 [   D:8 [=!(

Annotations:
D:8 2 transporters


Innate Abilities, Weirdness & Mutations

You reflexively headbutt those who attack you in melee.
You have a pair of horns on your head.
You are partially covered in icy blue scales. (AC +2)
Your movements are slightly less encumbered by armour. (ER -2)


Message History

The brown ugly thing is heavily wounded.
The brown ugly thing gores you.
* * * LOW HITPOINT WARNING * * *
You are splashed with acid.
* * * LOW HITPOINT WARNING * * *
You hit the brown ugly thing but do no damage.
The brown ugly thing is heavily wounded.
You slash the brown ugly thing!
The brown ugly thing is severely wounded.
The brown ugly thing gores you.
* * * LOW HITPOINT WARNING * * *
You are splashed with acid!
* * * LOW HITPOINT WARNING * * *
An ufetubus comes into view.
The ufetubus shouts!
You hit the brown ugly thing but do no damage.
Your headbutt misses the brown ugly thing.
The brown ugly thing is severely wounded.
The brown ugly thing gores you!
You die...

# #..# #..# .#
#########..# #..# ..#
...........####..####..#
............<...........
#########...............
# #..####......... #
#..# #......... ######
#..# #......... ......
...# #.@....... ......
....# #.u.......
...........# #.........
...... .......... ......
........... ......
.........!## ......
.5.........# ......
............# ......


You could see a brown ugly thing and an ufetubus.

Vanquished Creatures
  A boulder beetle (D:8)
  The ghost of jlumianski the Caller, a novice FeSu of Makhleb (D:8)
  A shadow (D:8)
  Sigmund (D:2)
  A wyvern (D:8)
  2 orc warriors
  A phantom (D:5)
  A black bear (D:7)
  6 ogres
  An ice beast (D:9)
  2 centaurs
  2 big kobolds
  2 gnoll sergeants
  A bullfrog (D:7)
  4 scorpions
  A water moccasin skeleton (D:4)
  9 killer bees
  An electric eel (D:6)
  2 howler monkeys
  2 crimson imps (D:4)
  3 hounds
  4 jellies
  3 centaur skeletons
  An orc wizard (D:7)
  2 bullfrog skeletons
  Ijyb (D:3)
  4 orc priests
  3 worker ants
  Natasha (thrice) (D:3)
  5 iguanas
  2 hound skeletons
  2 spectral worker ants (D:8)
  A worker ant zombie (D:6)
  7 gnolls
  11 adders
  2 shadow imps
  2 white imps
  An ooze (D:4)
  An adder zombie (D:8)
  2 adder skeletons
  A worm (D:4)
  A dart slug (D:2)
  8 leopard geckos
  21 orcs
  8 bats
  7 giant cockroaches
  4 goblins
  5 hobgoblins (D:2)
  3 jackals (D:4)
  A quokka (D:4)
  A ball python (D:1)
  9 frilled lizards
  11 kobolds
  A leopard gecko skeleton (D:4)
  A leopard gecko zombie (D:6)
  7 rats
191 creatures vanquished.

Vanquished Creatures (others)
  51 plants
51 creatures vanquished.

Grand Total: 242 creatures vanquished

Notes
Turn   | Place    | Note
-------+----------+-------------------------------------------
     0 | D:1      | Tirrikindir the Minotaur Berserker began the quest for the
                  | Orb.
     0 | D:1      | Reached XP level 1. HP: 19/19 MP: 0/0
   629 | D:1      | Reached XP level 2. HP: 26/27 MP: 1/1
   741 | D:1      | Reached skill level 4 in Long Blades
   955 | D:2      | Reached XP level 3. HP: 33/33 MP: 2/2
  1291 | D:2      | Reached XP level 4. HP: 40/40 MP: 3/3
  1344 | D:2      | Reached ** piety under Trog
  1496 | D:2      | Found a shimmering blue altar of Sif Muna.
  1514 | D:2      | Noticed Sigmund
  1524 | D:2      | Killed Sigmund
  1525 | D:2      | Reached skill level 5 in Long Blades
  1525 | D:2      | Reached XP level 5. HP: 46/46 MP: 4/4
  1619 | D:2      | Reached skill level 6 in Long Blades
  1824 | D:2      | Found a hazy altar of Hepliaklqana.
  1824 | D:2      | Found a bloodstained altar of Trog.
  2139 | D:3      | Noticed Natasha
  2149 | D:3      | Killed Natasha
  2150 | D:3      | Reached XP level 6. HP: 49/52 MP: 5/5
  2208 | D:3      | Noticed Natasha
  2218 | D:3      | Killed Natasha
  2414 | D:3      | Noticed Ijyb
  2449 | D:3      | Killed Ijyb
  2503 | D:3      | Noticed Natasha
  2509 | D:3      | Killed Natasha
  2645 | D:3      | Found a stormy altar of Qazlal.
  2856 | D:4      | Gained mutation: Your movements are slightly less
                  | encumbered by armour. (ER -2) [potion of mutation]
  2856 | D:4      | Gained mutation: You are partially covered in icy blue
                  | scales. (AC +2) [potion of mutation]
  3098 | D:4      | Reached skill level 7 in Long Blades
  3100 | D:4      | Reached *** piety under Trog
  3183 | D:4      | Reached skill level 5 in Armour
  3344 | D:4      | Reached XP level 7. HP: 52/59 MP: 6/6
  3475 | D:4      | Found a shimmering altar of Xom.
  3868 | D:5      | Entered Level 5 of the Dungeon
  4124 | D:5      | Reached skill level 8 in Long Blades
  4222 | D:5      | Found a glowing golden altar of the Shining One.
  4224 | D:5      | Noticed an angel
  4231 | D:5      | Found a basalt altar of Yredelemnul.
  4233 | D:5      | Noticed a profane servitor
  4263 | D:5      | Found a blossoming altar of Fedhas.
  4568 | D:5      | Reached skill level 9 in Long Blades
  4920 | D:5      | Reached XP level 8. HP: 62/66 MP: 7/7
  5347 | D:6      | Reached **** piety under Trog
  5493 | D:6      | Found a staircase to the Ecumenical Temple.
  5500 | D:6      | Reached skill level 1 in Evocations
  5516 | Temple   | Entered the Ecumenical Temple
  5901 | D:6      | Reached skill level 5 in Dodging
  6594 | D:7      | Reached skill level 5 in Fighting
  6594 | D:7      | Reached skill level 10 in Long Blades
  6598 | D:7      | Reached XP level 9. HP: 74/74 MP: 8/8
  7057 | D:7      | Found Xuulucot's Antique Armour Shoppe.
  7859 | D:8      | Found Loor's Antique Armour Shop.
  7877 | D:8      | Noticed a boulder beetle
  7892 | D:8      | Killed a boulder beetle
  8104 | D:8      | Found Byschoph's Antique Weapon Shop.
  8170 | D:8      | Found an opulent altar of Gozag.
  8342 | D:8      | Found a transporter.
  8344 | D:8      | Found a transporter.
  8344 | D:8      | Found a snail-covered altar of Cheibriados.
  8344 | D:8      | Noticed a harpy
  8345 | D:8      | Noticed a purple ugly thing
  8374 | D:8      | Noticed an orb spider
  8374 | D:8      | a harpy changed into an orb spider
  8478 | D:8      | Reached ***** piety under Trog
  8543 | D:8      | Noticed a troll
  8544 | D:8      | a troll changed into a shapeshifter
  8545 | D:8      | Noticed a harpy
  8545 | D:8      | a shapeshifter changed into a harpy
  8582 | D:8      | Reached skill level 11 in Long Blades
  8867 | D:8      | Noticed a polar bear
  8867 | D:8      | an eye of draining changed into a polar bear
  9084 | D:8      | Found Besuo's Distillery.
  9089 | D:8      | Bought a potion of attraction for 36 gold pieces
  9094 | D:8      | Found Vuunarud's Jewellery Emporium.
  9129 | D:8      | Found a runed translucent gate.
  9129 | D:8      | Found a runed translucent gate.
  9129 | D:8      | Found a runed translucent gate.
  9134 | D:8      | Noticed jlumianski's ghost (novice FeSu)
  9147 | D:8      | Killed jlumianski's ghost
  9148 | D:8      | Reached XP level 10. HP: 83/83 MP: 9/9
  9981 | D:8      | Noticed a black mamba
 10283 | D:9      | Found a burning altar of Makhleb.
 10283 | D:9      | Noticed a cacodemon
 10399 | D:9      | Noticed a brown ugly thing
 10416 | D:9      | HP: 3/126 [acid (7)]
 10417 | D:9      | Mangled by a brown ugly thing

Illustrated notes

Levels and vault maps discovered:
D:1:      roderic_octagonal_star, layout_loops_ring, nrook_uturn,
          due_unseen_surprise
D:2:      layout_loops_corners, gammafunk_temple_overflow_statue,
          lemuel_blue_sif_altar, uniq_sigmund
D:3:      layout_rooms, grunt_qazlal_clouds, uniq_natasha, uniq_ijyb
D:4:      layout_loops_corners, led_xom_imps, minmay_lizard_king
D:5:      layout_basic, grunt_temple_overflow_holy_war,
          eino_small_chamber_without_monster, fedhas_bush_and_centaur_altar
D:6:      layout_loops_cross, minmay_temple_entry_ruins, serial_bayou,
          serial_bayou_pond_d, serial_bayou_lagoon_a, serial_bayou_crossing,
          serial_bayou_pond_d
D:7:      layout_layer_cave, serial_shops, kennysheep_mini_moat
D:8:      layout_basic, gammafunk_temple_overflow_arena, serial_shops, shop,
          shop, shop_statue, shop, basic_altar, gammafunk_ghost_necromancy,
          minmay_misc_feat_plants
D:9:      layout_small_grid, basic_altar, fungi_pond_lemuel,
          makhleb_altar_promises_db, uniq_maggie
Temple:   eino_temple_lava

Skill      XL: |  1  2  3  4  5  6  7  8  9 |
---------------+----------------------------+-----
Long Blades    | 4 5 6 7 9 10 11 | 11.4
Fighting       | 4 5 6 |  6.4
Armour         | 3 4 5 6 7 9 |  9.5
Dodging        | 3 4 5 7 |  7.8
Evocations     | 2 3 |  3.6

Action                   |  1- 3 |  4- 6 |  7- 9 | 10-12 || total
-------------------------+-------+-------+-------+-------++-------
Melee: Falchion          |    61 |   152 |   106 |       ||   319
       Headbutt          |     5 |    17 |    66 |    15 ||   103
       Scimitar          |       |       |   165 |    62 ||   227
Invok: Berserk           |     1 |     4 |     6 |     2 ||    13
Evoke: Wand              |       |       |       |     1 ||     1
  Use: Scroll            |     1 |    10 |    10 |     1 ||    22
       Potion            |       |     1 |       |       ||     1
Armor: Chain mail        |     6 |       |       |       ||     6
       Animal skin       |     1 |       |       |       ||     1
       Ring mail         |     7 |    32 |    88 |    24 ||   151
       Skin              |       |    19 |       |       ||    19
Dodge: Dodged            |    36 |    89 |   171 |    44 ||   340
       Rpst.: Falchion   |     2 |    24 |    12 |       ||    38
       Scimitar          |       |       |    36 |     7 ||    43
